 Seeded DCSS version 0.26-a0-863-g3bff4b215c (webtiles) character file.

Game seed: 15338515629108707986 (custom seed)

44 karrick the Chopper (level 3, -5/28 HPs)
             Began as a Demonspawn Gladiator on Nov 26, 2020.
             Slain by Sigmund
             ... wielding a +0 scythe
              (7 damage)
             ... on level 2 of the Dungeon.
             The game lasted 00:01:18 (992 turns).

karrick the Chopper (Demonspawn Gladiator)           Turns: 992, Time: 00:01:19

Health: -5/28      AC:  4    Str: 14    XL:     3   Next: 41%
Magic:  3/3        EV: 13    Int: 10    God:
Gold:   19         SH:  0    Dex: 14    Spells: 2/2 levels left

rFire    . . .     SeeInvis .   a - +0 war axe
rCold    . . .     Faith    .   (no shield)
rNeg     . . .     Spirit   .   b - +0 leather armour
rPois    .         Reflect  .   c - +0 helmet
rElec    .         Harm     .   (no cloak)
rCorr    .         Rampage  .   (no gloves)
MR       .....                  (no boots)
Stlth    +.........             (no amulet)
HPRegen  0.09/turn              (no ring)
MPRegen  0.08/turn              (no ring)

@: confused
A: powered by death 2
a: no special abilities


You were on level 2 of the Dungeon.
You visited 1 branch of the dungeon, and saw 2 of its levels.

You collected 19 gold pieces.

Inventory:

Hand Weapons
 a - a +0 war axe (weapon)
Missiles
 d - 3 throwing nets (quivered)
Armour
 b - a +0 leather armour (worn)
 c - a +0 helmet (worn)
Scrolls
 e - 2 scrolls of identify {unknown}
 f - 2 scrolls of remove curse {unknown}
 h - 2 scrolls of fog {unknown}
 j - a scroll of teleportation {unknown}
Potions
 g - a potion of lignification {unknown}
 i - a potion of curing
 k - a potion of mutation {unknown}


   Skills:
 + Level 2.4 Fighting
 + Level 3.4 Axes
 + Level 1.9 Throwing
 + Level 3.0 Dodging


You had 2 spell levels left.
You didn't know any spells.
Your spell library was empty.

Dungeon Overview and Level Annotations

Branches:
Dungeon (2/15)

Altars:
Cheibriados

Annotations:
D:2 Sigmund


Innate Abilities, Weirdness & Mutations

You regenerate health from kills.


Message History

You're too confused to move!
Something hits you! Something hits you!
* * * LOW HITPOINT WARNING * * *
You feel less confused. Something hits you.
* * * LOW HITPOINT WARNING * * *
You hit something. Something hits you but does no damage.
You barely miss something.
You hear some strange, mumbled words.
Something tries to affect you, but you resist.
You miss something. Something barely misses you.
You slash something!
You hear some strange, mumbled words.
You are confused.
You barely miss something.
You hear some strange, mumbled words.
You are more confused.
You hit something but do no damage. Something hits you!
You die...

.....
###.......#.
#.......#
#......#.#
#......# #
#......#
####......#
..........#
.......!..#
.......@{.#
#########.#
#.# #.# #.#
#.# [#


There were no monsters in sight!

Vanquished Creatures
  An adder (D:2)
  A dart slug (D:1)
  A leopard gecko (D:2)
  2 giant cockroaches (D:1)
  4 hobgoblins (D:1)
  2 kobolds (D:1)
  7 bats
  3 frilled lizards (D:1)
  8 goblins (D:1)
  A rat (D:1)
30 creatures vanquished.

Notes
Turn   | Place    | Note
-------+----------+-------------------------------------------
     0 | D:1      | karrick the Demonspawn Gladiator began the quest for the
                  | Orb.
     0 | D:1      | Reached XP level 1. HP: 16/16 MP: 1/1
   254 | D:1      | Gained mutation: You regenerate a little health from kills.
                  | [demonic ancestry]
   254 | D:1      | Reached XP level 2. HP: 20/22 MP: 2/2
   517 | D:1      | Found a snail-covered altar of Cheibriados.
   611 | D:1      | Gained mutation: You regenerate health from kills. [demonic
                  | ancestry]
   611 | D:1      | Reached XP level 3. HP: 20/28 MP: 3/3
   970 | D:2      | Noticed Sigmund
   992 | D:2      | Slain by Sigmund

Illustrated notes

Levels and vault maps discovered:
D:1:      eino_arrival_cavern_b, layout_loops_ring, cheibriados_altar_1
D:2:      wad_crossroads, layout_basic, uniq_sigmund

Skill      XL: |  1  2 |
---------------+-------+-----
Axes           | 3 |  3.4
Dodging        | 3 |  3.0
Fighting       | |  2.4
Throwing       | |  1.9

Action                   || total
-------------------------++-------
Melee: War axe           ||   102
  Use: Potion            ||     1
Armor: Leather armour    ||    36
Dodge: Dodged            ||    81

Table legend: (Time is in decaauts)
 A = Elapsed time spent in this place.
 B = Non-inter-level travel time spent in this place.
 C = Inter-level travel time spent in this place.
 D = Time resting spent in this place.
 E = Time spent auto-exploring this place.
 F = Levels seen in this place.
 G = Mean time per level.
                   A        B        C        D        E       F      G
               +--------+--------+--------+--------+--------+-----+--------+
         Total |   1028 |   1003 |     25 |     43 |    707 |   2 |  514.0 |
       Dungeon |   1028 |   1003 |     25 |     43 |    707 |   2 |  514.0 |
               +--------+--------+--------+--------+--------+-----+--------+

Top non-repeatable levels by time:
     D:1: 896 daAuts
     D:2: 131 daAuts
